 Dungeon Crawl Stone Soup version 0.28.0-47-ge53b351184 (webtiles) character file.

Game seed: 10653335333469545903

6 101zpm the Magician (level 2, -1/21 HPs)
             Began as a Djinni Ice Elementalist on Apr 26, 2022.
             Killed from afar by a dart slug (5 damage)
             ... with a slug dart
             ... on level 2 of the Dungeon.
             The game lasted 00:00:27 (328 turns).

101zpm the Magician (Djinni Ice Elementalist)        Turns: 328, Time: 00:00:28

Health: -1/21      AC:  2    Str:  7    XL:     2   Next: 0%
Gold:   0          EV: 12    Int: 16    God:
                   SH:  0    Dex: 13

rFire   + + .      SeeInvis .   (no weapon)
rCold   x . .      Faith    .   (no shield)
rNeg    . . .      Spirit   .   a - +0 robe
rPois   ∞          Reflect  .   (no helmet)
rElec   .          Harm     .   (no cloak)
rCorr   .          Rampage  .   (no gloves)
Will    .....                   (boots unavailable)
Stlth   ++........              (no amulet)
HPRegen 0.07/turn               (no ring)
MPRegen 0.00/turn               (no ring)

@: flying
A: sickness immunity, fire resistance 2, cold vulnerability 1, float, innate
caster, HP casting, extra vitality 1
a: no special abilities


You were on level 2 of the Dungeon.
You visited 1 branch of the dungeon, and saw 2 of its levels.

Inventory:

Armour
 a - a +0 robe (worn)
Potions
 b - 2 potions of haste {unknown}


   Skills:
 + Level 2.2 Dodging
 + Level 1.5 Stealth
 + Level 3.4 Spellcasting


You couldn't memorise any spells.
You knew the following spells:

 Your Spells              Type           Power      Damage    Failure   Level
a - Freeze                Ice            52%        1d7       4%          1
b - Frozen Ramparts       Ice            26%        1d4       13%         3
c - Ozocubu's Armour      Ice            13%        N/A       13%         3
d - Hailstorm             Conj/Ice       13%        3d5       38%         4
Your spell library was empty.

Dungeon Overview and Level Annotations

Branches:
Dungeon (2/15)

Altars:


Innate Abilities, Weirdness & Mutations

You are immune to sickness and miasma.
You are immune to poison.
Your flesh is very heat resistant. (rF++)
You are vulnerable to cold. (rC-)
You float through the air rather than walking.
You learn spells naturally, not from books.
Your magical power is your life essence.
You have superior vitality. (+4 MHP)


Message History

A bat, a hobgoblin and a kobold come into view.
The kobold is wielding a +2 short sword of speed.
A ball python comes into view.
Found 20 bolts.
You freeze the bat.
The bat is severely wounded.
The bat hits you.
You freeze the bat.
You kill the bat!
The hobgoblin shouts!
The ball python hisses angrily.
The kobold shouts!
You freeze the hobgoblin.
You kill the hobgoblin!
A dart slug comes into view.
Found 14 stones.
You freeze the kobold.
The kobold is severely wounded.
The kobold hits you with a +2 short sword of speed.
The kobold misses you.
You freeze the kobold.
You kill the kobold!
The ball python bites you. The ball python grabs you.
The ball python constricts you.
You have reached level 2!
You are too injured to fight recklessly!
Unknown command.
You escape the ball python's grasp.
The ball python bites you.
* * * LOW HITPOINT WARNING * * *
The ball python barely misses you.
Things that are here:
a +2 short sword of speed; a stone; a kobold corpse
Aiming: Freeze (safe; 4% risk of failure)
Press: ? - help, Q - select action Shift-Dir - straight line, f - ball python
Aim: a ball python You freeze the ball python.
The ball python is moderately wounded.
* * * LOW HITPOINT WARNING * * *
The ball python misses you. The ball python barely misses you.
The dart slug launches a dart at you. The slug dart hits you.
You die...

##......##
##......##
##......##
##......##
##......#
#......#'#
......###.#
.....###...#
...###@...##
.###..S.#..#
#.w.##.##.#
#..(#. #.(
.# ### #
######


You could see a dart slug and a ball python.

Vanquished Creatures
  A worm (D:2)
  A hobgoblin (D:2)
  A bat (D:2)
  A kobold (D:2)
4 creatures vanquished.

Notes
Turn   | Place    | Note
-------+----------+-------------------------------------------
     0 | D:1      | 101zpm the Djinni Ice Elementalist began the quest for the
                  | Orb.
     0 | D:1      | Reached XP level 1. HP: 15/15 MP: 0/0
   327 | D:2      | Reached XP level 2. HP: 7/21 MP: 0/0
   328 | D:2      | Killed from afar by a dart slug

Illustrated notes

Levels and vault maps discovered:
D:1:      eino_arrival_druids_welcome, layout_loops_ring, amethyst_killhole
D:2:      minmay_razor_zed, layout_basic, minmay_split_cup_small, uniq_jessica

Action                   || total
-------------------------++-------
 Cast: Freeze            ||     9
Dodge: Dodged            ||     4
